SL
GRAFTON MIDDIES @ PHILADELPHIA 1776 BC
04/16/2029
 
TOP OF THE 1ST
Grafton Middies batting - Pitching for Philadelphia 1776 BC : RHP Elroy Thompkins
Pitching: RHP Elroy Thompkins
Batting: RHB Pedro Santos 0-0: Ball
1-0: Ball
2-0: Foul Ball, location: 2F
2-1: Foul Ball, location: 2F
2-2: Ball
3-2: SINGLE (Line Drive, 9LS)
Batting: RHB Carlos Maldonado 0-0: Ball
1-0: SINGLE (Groundball, 56D)
Pedro Santos to second
Batting: LHB Mario Ramos 0-0: Called Strike
0-1: Ball
1-1: Ball
2-1: Called Strike
2-2: DOUBLE (Flyball, 8LXD)
Pedro Santos scores
Carlos Maldonado to third
Batting: LHB Jorge Flores 0-0: Called Strike
0-1: Foul Ball, location: 2F
0-2: Ball
1-2: Ball
2-2: Ground out U3 (Groundball, 3L)
Batting: RHB Orlando Reyes 0-0: Ball
1-0: Called Strike
1-1: Swinging Strike
1-2: Strikes out swinging
Batting: RHB Stefano Gaddi 0-0: Called Strike
0-1: Foul Ball, location: 2F
0-2: Ball
1-2: Ball
2-2: DOUBLE (Flyball, 8LXD)
Carlos Maldonado scores
Mario Ramos scores
Batting: LHB John Meléndez 0-0: Ball
1-0: Fly out, F8 (Flyball, 8RD)
Top of the 1st over - 3 runs, 4 hits, 0 errors, 1 left on base; Grafton 3 - Philadelphia 1776 0
BOTTOM OF THE 1ST
Philadelphia 1776 BC batting - Pitching for Grafton Middies : LHP Luis Torres
Pitching: LHP Luis Torres
Batting: LHB José Rodríguez 0-0: Ball
1-0: Called Strike
1-1: Called Strike
1-2: Ball
2-2: Foul Ball, location: 2F
2-2: Foul Ball, location: 2F
2-2: Ground out U3 (Groundball, 34)
Batting: SHB Jesús Cabañe 0-0: Ball
1-0: Ground out 6-3 (Groundball, 6)
Batting: LHB Manoo Satyavrat 0-0: Ball
1-0: Ground out U3 (Groundball, 3S)
Bottom of the 1st over - 0 runs, 0 hits, 0 errors, 0 left on base; Grafton 3 - Philadelphia 1776 0
TOP OF THE 2ND
Grafton Middies batting - Pitching for Philadelphia 1776 BC : RHP Elroy Thompkins
Batting: RHB Dave Ash 0-0: Ball
1-0: Foul Ball, location: 2F
1-1: Swinging Strike
1-2: Foul Ball, location: 2F
1-2: Foul Ball, location: 2F
1-2: Strikes out swinging
Batting: RHB Ramón Gómez 0-0: Called Strike
0-1: DOUBLE (Line Drive, 7LS)
Batting: RHB Pedro Santos 0-0: Ball
1-0: Swinging Strike
1-1: Ball
2-1: Swinging Strike
2-2: Strikes out swinging
Batting: RHB Carlos Maldonado 0-0: Ball
1-0: Foul Ball, location: 2F
1-1: Foul Ball, location: 2F
1-2: Ball
2-2: Strikes out looking
Top of the 2nd over - 0 runs, 1 hit, 0 errors, 1 left on base; Grafton 3 - Philadelphia 1776 0
BOTTOM OF THE 2ND
Philadelphia 1776 BC batting - Pitching for Grafton Middies : LHP Luis Torres
Batting: LHB Cliff Aldridge 0-0: Ball
1-0: Fly out, F4 (Popup, 13)
Batting: SHB Sam Quint 0-0: Called Strike
0-1: Fly out, F7 (Flyball, 78D)
Batting: RHB John Schnatter 0-0: Called Strike
0-1: Ball
1-1: Ball
2-1: SINGLE (Flyball, 78S)
Batting: LHB Jeff Rutherford 0-0: Called Strike
0-1: Foul Ball, location: 2F
0-2: Foul Ball, location: 2F
0-2: Foul Ball, location: 2F
0-2: Ground out 1-3 (Groundball, 13S)
Bottom of the 2nd over - 0 runs, 1 hit, 0 errors, 1 left on base; Grafton 3 - Philadelphia 1776 0
TOP OF THE 3RD
Grafton Middies batting - Pitching for Philadelphia 1776 BC : RHP Elroy Thompkins
Batting: LHB Mario Ramos 0-0: Called Strike
0-1: Ball
1-1: Foul Ball, location: 2F
1-2: SINGLE (Groundball, 6MD)
Batting: LHB Jorge Flores 0-0: Ball
1-0: Ball
Wild Pitch!
Mario Ramos to second
2-0: SINGLE (Line Drive, 6M)
Mario Ramos to third
Batting: RHB Orlando Reyes 0-0: Called Strike
0-1: SINGLE (Line Drive, 6D)
Mario Ramos scores
Jorge Flores to second
Batting: RHB Stefano Gaddi 0-0: Fielders Choice at 2nd, 4-6 (Groundball, 4MD)
Jorge Flores to third
Batting: LHB John Meléndez 0-0: Ball
1-0: Called Strike
1-1: Foul Ball, location: 2F
1-2: Ball
2-2: Fielders Choice at 2nd, 4-6 (Groundball, 4)
Jorge Flores scores
Batting: RHB Dave Ash 0-0: Ball
1-0: Fielders Choice at 2nd, 5-4 (Groundball, 56)
Top of the 3rd over - 2 runs, 3 hits, 0 errors, 1 left on base; Grafton 5 - Philadelphia 1776 0
BOTTOM OF THE 3RD
Philadelphia 1776 BC batting - Pitching for Grafton Middies : LHP Luis Torres
Batting: RHB Patrizio Vanali 0-0: Called Strike
0-1: Swinging Strike
0-2: Ball
1-2: Foul Ball, location: 2F
1-2: Ball
2-2: Foul Ball, location: 2F
2-2: Ball
3-2: Fly out, F8 (Flyball, 8RM)
Batting: LHB Héctor Torres 0-0: Ball
1-0: Ball
2-0: SINGLE (Groundball, 4MS) (infield hit)
Batting: LHB José Rodríguez 0-0: Ball
1-0: Called Strike
1-1: Ball
2-1: Ground out 6-3 (Groundball, 56D)
Héctor Torres to second
Batting: SHB Jesús Cabañe 0-0: Called Strike
0-1: Fly out, F7 (Flyball, 7LS)
Bottom of the 3rd over - 0 runs, 1 hit, 0 errors, 1 left on base; Grafton 5 - Philadelphia 1776 0
TOP OF THE 4TH
Grafton Middies batting - Pitching for Philadelphia 1776 BC : RHP Elroy Thompkins
Batting: RHB Ramón Gómez 0-0: Called Strike
0-1: Called Strike
0-2: Ball
1-2: Ball
2-2: Strikes out looking
Batting: RHB Pedro Santos 0-0: Foul Ball, location: 2F
0-1: Ball
1-1: Foul Ball, location: 2F
1-2: Strikes out swinging
Batting: RHB Carlos Maldonado 0-0: Called Strike
0-1: Foul Ball, location: 2F
0-2: Strikes out swinging, 2-3 out at first.
Top of the 4th over - 0 runs, 0 hits, 0 errors, 0 left on base; Grafton 5 - Philadelphia 1776 0
BOTTOM OF THE 4TH
Philadelphia 1776 BC batting - Pitching for Grafton Middies : LHP Luis Torres
Batting: LHB Manoo Satyavrat 0-0: Foul Ball, location: 2F
0-1: Swinging Strike
0-2: Ground out 4-3 (Groundball, 4)
Batting: LHB Cliff Aldridge 0-0: Fly out, F9 (Flyball, 89S)
Batting: SHB Sam Quint 0-0: Ball
1-0: Ball
2-0: Called Strike
2-1: Fly out, F3 (Popup, 3S)
Bottom of the 4th over - 0 runs, 0 hits, 0 errors, 0 left on base; Grafton 5 - Philadelphia 1776 0
TOP OF THE 5TH
Grafton Middies batting - Pitching for Philadelphia 1776 BC : RHP Elroy Thompkins
Pitching: RHP Carlos Ramos
Batting: LHB Mario Ramos 0-0: Ball
1-0: Fly out, F7 (Flyball, 7LM)
Batting: LHB Jorge Flores 0-0: Ball
1-0: Called Strike
1-1: Called Strike
1-2: Strikes out swinging
Batting: RHB Orlando Reyes 0-0: Called Strike
0-1: Swinging Strike
0-2: Foul Ball, location: 2F
0-2: Foul Ball, location: 2F
0-2: SINGLE (Line Drive, 7S)
Batting: RHB Stefano Gaddi 0-0: Called Strike
0-1: Called Strike
0-2: Ball
1-2: Strikes out looking
Top of the 5th over - 0 runs, 1 hit, 0 errors, 1 left on base; Grafton 5 - Philadelphia 1776 0
BOTTOM OF THE 5TH
Philadelphia 1776 BC batting - Pitching for Grafton Middies : LHP Luis Torres
Pitching: RHP António Marés
Batting: RHB John Schnatter 0-0: Called Strike
0-1: Swinging Strike
0-2: Ball
1-2: Ball
2-2: Foul Ball, location: 2F
2-2: Foul Ball, location: 2F
2-2: Strikes out swinging
Batting: LHB Jeff Rutherford 0-0: Ball
1-0: Called Strike
1-1: Swinging Strike
1-2: Fly out, F9 (Flyball, 9LSF)
Batting: RHB Patrizio Vanali 0-0: Foul Ball, location: 2F
0-1: Foul Ball, location: 2F
0-2: Foul Ball, location: 2F
0-2: Ball
1-2: Ball
2-2: Ball
3-2: Foul Ball, location: 2F
3-2: Fly out, F7 (Flyball, 7LS)
Bottom of the 5th over - 0 runs, 0 hits, 0 errors, 0 left on base; Grafton 5 - Philadelphia 1776 0
TOP OF THE 6TH
Grafton Middies batting - Pitching for Philadelphia 1776 BC : RHP Carlos Ramos
Batting: LHB John Meléndez 0-0: Called Strike
0-1: Fly out, F3 (Line Drive, 3L)
Batting: RHB Dave Ash 0-0: Foul Ball, location: 2F
0-1: Fly out, F7 (Line Drive, 7S)
Batting: RHB Ramón Gómez 0-0: Called Strike
0-1: Ball
1-1: Ball
2-1: Swinging Strike
2-2: Foul Ball, location: 2F
2-2: Foul Ball, location: 2F
2-2: Strikes out swinging
Top of the 6th over - 0 runs, 0 hits, 0 errors, 0 left on base; Grafton 5 - Philadelphia 1776 0
BOTTOM OF THE 6TH
Philadelphia 1776 BC batting - Pitching for Grafton Middies : RHP António Marés
Batting: LHB Héctor Torres 0-0: Fly out, F9 (Flyball, 9S)
Batting: LHB José Rodríguez 0-0: Ball
1-0: Called Strike
1-1: Foul Ball, location: 2F
1-2: Foul Ball, location: 2F
1-2: Strikes out swinging
Batting: SHB Jesús Cabañe 0-0: Foul Ball, location: 2F
0-1: SINGLE (Line Drive, 56D)
Batting: LHB Manoo Satyavrat 0-0: Fly out, F9 (Line Drive, 9)
Bottom of the 6th over - 0 runs, 1 hit, 0 errors, 1 left on base; Grafton 5 - Philadelphia 1776 0
TOP OF THE 7TH
Grafton Middies batting - Pitching for Philadelphia 1776 BC : RHP Carlos Ramos
Pinch Hitting: RHB Cristo González 0-0: Fly out, F8 (Flyball, 89M)
Pinch Hitting: RHB Jorge López 0-0: Called Strike
0-1: Ball
1-1: Called Strike
1-2: Ball
2-2: Foul Ball, location: 2F
2-2: Strikes out looking
Pinch Hitting: RHB Jordan Hollins 0-0: Ball
1-0: Called Strike
1-1: Foul Ball, location: 2F
1-2: Ball
2-2: Fly out, F9 (Line Drive, 9LS)
Top of the 7th over - 0 runs, 0 hits, 0 errors, 0 left on base; Grafton 5 - Philadelphia 1776 0
BOTTOM OF THE 7TH
Philadelphia 1776 BC batting - Pitching for Grafton Middies : RHP António Marés
Now at 1B: Jorge López
Now at 2B: Cristo González
Now at SS: Jordan Hollins
Batting: LHB Cliff Aldridge 0-0: Ball
1-0: Swinging Strike
1-1: Called Strike
1-2: Strikes out swinging
Batting: SHB Sam Quint 0-0: Ball
1-0: Ball
2-0: Called Strike
2-1: Ball
3-1: Base on Balls
Batting: RHB John Schnatter 0-0: Called Strike
0-1: Fielders Choice at 2nd, 1-4 (Groundball, 15S)
Batting: LHB Jeff Rutherford 0-0: Called Strike
0-1: Foul Ball, location: 2F
0-2: Foul Ball, location: 2F
0-2: Foul Ball, location: 2F
0-2: Ball
1-2: Foul Ball, location: 2F
1-2: Foul Ball, location: 2F
1-2: Fly out, F5 (Popup, 56)
Bottom of the 7th over - 0 runs, 0 hits, 0 errors, 1 left on base; Grafton 5 - Philadelphia 1776 0
TOP OF THE 8TH
Grafton Middies batting - Pitching for Philadelphia 1776 BC : RHP Carlos Ramos
Now at 2B: António Granados
Batting: LHB Jorge Flores 0-0: Called Strike
0-1: Ball
1-1: Foul Ball, location: 2F
1-2: Ball
2-2: Foul Ball, location: 2F
2-2: Fly out, F3 (Popup, 3F)
Batting: SHB Jack MacAsgill 0-0: Swinging Strike
0-1: Foul Ball, location: 2F
0-2: Ball
1-2: Strikes out swinging
Batting: RHB Stefano Gaddi 0-0: Ball
1-0: Called Strike
1-1: Ground out 5-3 (Groundball, 56)
Top of the 8th over - 0 runs, 0 hits, 0 errors, 0 left on base; Grafton 5 - Philadelphia 1776 0
BOTTOM OF THE 8TH
Philadelphia 1776 BC batting - Pitching for Grafton Middies : RHP António Marés
Batting: RHB Patrizio Vanali 0-0: Foul Ball, location: 2F
0-1: Foul Ball, location: 2F
0-2: Ground out 4-3 (Groundball, 4)
Batting: LHB Héctor Torres 0-0: Ball
1-0: Ball
2-0: Ball
3-0: Base on Balls
Batting: LHB José Rodríguez 0-0: Foul Ball, location: 2F
0-1: Swinging Strike
0-2: Ball
1-2: Ball
2-2: Foul Ball, location: 2F
2-2: Ball
3-2: SINGLE (Groundball, 4) (infield hit)
Héctor Torres to second
Pinch Hitting: RHB Fernando Rivera 0-0: Swinging Strike
0-1: Ball
1-1: Ball
2-1: Foul Ball, location: 2F
2-2: Strikes out swinging
Pinch Hitting: LHB Tony Vega 0-0: Foul Ball, location: 2F
0-1: Ball
1-1: Swinging Strike
1-2: Foul Ball, location: 2F
1-2: DOUBLE (Line Drive, 78XD)
Héctor Torres scores
José Rodríguez to third
Runner from 3rd tries for Home, SAFE, no throw
Pitching: RHP Truman Valentine
Pinch Hitting: RHB Dave Morris 0-0: Ground out 5-3 (Groundball, 56)
Bottom of the 8th over - 2 runs, 2 hits, 0 errors, 1 left on base; Grafton 5 - Philadelphia 1776 2
TOP OF THE 9TH
Grafton Middies batting - Pitching for Philadelphia 1776 BC : RHP Carlos Ramos
Now at SS: Dave Morris
Now in CF: Tony Vega
Now in RF: Fernando Rivera
Batting: LHB John Meléndez 0-0: Called Strike
0-1: Called Strike
0-2: Strikes out swinging
Batting: RHB Dave Ash 0-0: Called Strike
0-1: Fly out, F3 (Line Drive, 3)
Batting: RHB Ramón Gómez 0-0: Ball
1-0: Ball
2-0: Called Strike
2-1: Fly out, F8 (Flyball, 8LM)
Top of the 9th over - 0 runs, 0 hits, 0 errors, 0 left on base; Grafton 5 - Philadelphia 1776 2
BOTTOM OF THE 9TH
Philadelphia 1776 BC batting - Pitching for Grafton Middies : RHP Truman Valentine
Batting: RHB António Granados 0-0: Ball
1-0: Ground out 5-3 (Groundball, 56S)
Batting: RHB John Schnatter 0-0: Called Strike
0-1: Ball
1-1: Ball
2-1: Fly out, F8 (Flyball, 8LM)
Batting: LHB Jeff Rutherford 0-0: Ball
1-0: Ball
2-0: Foul Ball, location: 2F
2-1: Ball
3-1: Base on Balls
Batting: RHB Patrizio Vanali 0-0: Ball
1-0: Foul Ball, location: 2F
1-1: Ground out 4-3 (Groundball, 4)
Bottom of the 9th over - 0 runs, 0 hits, 0 errors, 1 left on base; Grafton 5 - Philadelphia 1776 2
Tuesday, December 19th, 2017 - OOTP Baseball 18.8 Build 76